 Dungeon Crawl Stone Soup version 0.30-a0-728-gc68057be0a (webtiles) character file.

Game seed: 12566482918938596213

169 jimonade the Sneak (level 5, 0/26 HPs)
             Began as a Vine Stalker Brigand on Jan 31, 2023.
             Succumbed to a scorpion's poison
             ... on level 3 of the Dungeon.
             The game lasted 00:05:18 (1776 turns).

jimonade the Sneak (Vine Stalker Brigand)           Turns: 1776, Time: 00:05:19

Health: 0/26       AC:  8    Str: 14    XL:     5   Next: 50%
Magic:  1/6        EV: 10    Int: 11    God:
Gold:   66         SH:  0    Dex: 17    Spells: 4/4 levels left

rFire   + . .      SeeInvis .    a - +3 dagger (flame)
rCold   . . .      Faith    .    (no shield)
rNeg    + . .      Spirit   +    h - +0 ring mail
rPois   .          Reflect  .    y - +0 helmet
rElec   .          Harm     .    c - +0 cloak
rCorr   .          Rampage  .    (no gloves)
Will    .....                    l - +0 pair of boots
Stlth   +++                      (no amulet)
HPRegen 1.04/turn                n - ring of protection from fire
MPRegen 0.10/turn                f - ring of positive energy

@: lethally poisoned (0 -> -2)
A: fangs 2, regeneration 1, magic shield, antimagic bite, no potion heal 2
a: no special abilities


You were on level 3 of the Dungeon.
You visited 1 branch of the dungeon, and saw 3 of its levels.

You collected 66 gold pieces.

Inventory:

Hand Weapons
 a - a +3 dagger of flaming (weapon)
 b - a +0 sling
Missiles
 d - 12 poisoned darts (quivered)
 e - 3 curare-tipped darts
 r - 50 stones
 s - 2 boomerangs
Armour
 c - a +0 cloak (worn)
 h - a +0 ring mail (worn)
 l - a +0 pair of boots (worn)
 q - a +0 ring mail
 u - a +0 chain mail
 v - a +0 leather armour
 y - a +0 helmet (worn)
Jewellery
 f - a ring of positive energy (right hand)
 n - a ring of protection from fire (left hand)
 w - a ring of resist corrosion
Wands
 t - a wand of paralysis (4)
Scrolls
 p - a scroll of identify {unknown}
 x - a scroll of noise {unknown}
Potions
 g - a potion of attraction {unknown}
 i - a potion of ambrosia {unknown}
 j - a potion of lignification {unknown}
 k - a potion of resistance {unknown}
 m - a potion of flight {unknown}
 o - 3 potions of curing {unknown}


   Skills:
 + Level 2.2 Fighting
 * Level 3.2 Short Blades
 + Level 1.9 Throwing
 + Level 1.0 Armour
 + Level 1.0 Dodging
 + Level 6.4 Stealth


You had 4 spell levels left.
You didn't know any spells.
Your spell library was empty.

Dungeon Overview and Level Annotations

Branches:
Dungeon (3/15)

Altars:
Cheibriados


Innate Abilities, Weirdness & Mutations

You have extremely sharp teeth.
Your natural rate of healing is unusually fast.
When hurt, damage is shared between your health and your magic reserves.
Your bite disrupts and absorbs the magic of your enemies.
Potions cannot restore your health.


Message History

The scorpion is lightly wounded.
The scorpion stings you. The orc completely misses you.
You closely miss the scorpion. Your bite misses the scorpion.
The scorpion is lightly wounded.
The scorpion stings you.
You are poisoned.
The scorpion poisons you! The orc hits you but does no damage.
The orc barely misses you.
You hit the scorpion. You burn the scorpion. Your bite misses the scorpion.
The scorpion is moderately wounded.
You feel very sick.
The scorpion stings you but does no damage.
The orc hits you with a +0 club. The orc closely misses you.
You hit the scorpion. You burn the scorpion. Your bite misses the scorpion.
The scorpion is moderately wounded.
You feel sick. The scorpion stings you.
You are more poisoned.
The scorpion poisons you! The orc hits you but does no damage.
You puncture something! You burn something. Your bite misses something.
You feel very sick. The scorpion stings you.
You hit something. You burn something.
Reactivating autopickup.
You feel a bit more experienced.
* * * LOW HITPOINT WARNING * * *
You feel very sick.
The scorpion stings you but does no damage.
The orc hits you with a +0 club.
* * * LOW HITPOINT WARNING * * *
Your Armour skill increases to level 1!
You hit the orc. You burn the orc.
The orc is heavily wounded.
* * * LOW HITPOINT WARNING * * *
You feel sick. The scorpion stings you.
* * * LOW HITPOINT WARNING * * *
The orc barely misses you. x2
The scorpion stings you but does no damage.
You hit the orc. You burn the orc.
The orc is almost dead.
You die...

.#####.. ##.##o......###.
.# ##...##.......... .#
#.....##......... .#
.......#........... ###
..._.....)......... ..##
.......#....###.... #..###
#.....##...........
#....#####...####s.........
#.##..##.##.##..@o......>..
#...#........#...o.........
#.........#.####...).......
...#..##..#.###......##..#.
##.##............##### ..
...####)..........# ...#
#).............. ...#
...............##
................###...


You could see a scorpion and 2 orcs.

Vanquished Creatures
  An orc wizard (D:3)
  Robin (D:2)
  3 gnolls (D:2)
  3 adders
  3 worms
  A dart slug (D:1)
  An orc (D:3)
  8 endoplasms
  8 giant cockroaches
  12 goblins
  3 hobgoblins
  A quokka (D:1)
  3 ball pythons
  2 bats
  3 frilled lizards (D:1)
  6 kobolds
  6 rats
65 creatures vanquished.

Notes
Turn   | Place    | Note
-------+----------+-------------------------------------------
     0 | D:1      | jimonade the Vine Stalker Brigand began the quest for the
                  | Orb.
     0 | D:1      | Reached XP level 1. HP: 11/11 MP: 2/2
    64 | D:1      | Reached skill level 5 in Stealth
   155 | D:1      | Reached XP level 2. HP: 12/15 MP: 3/3
   334 | D:1      | Reached XP level 3. HP: 18/18 MP: 4/4
   921 | D:2      | Reached skill level 6 in Stealth
   924 | D:2      | Gained mutation: Your natural rate of healing is unusually
                  | fast. [Vine Stalker growth]
   924 | D:2      | Reached XP level 4. HP: 14/23 MP: 3/5
   930 | D:2      | HP: 1/23 [gnoll/+0 long sword (9)]
  1006 | D:2      | Noticed Robin
  1071 | D:2      | Killed Robin
  1534 | D:2      | Reached XP level 5. HP: 26/26 MP: 4/6
  1663 | D:3      | Reached skill level 1 in Dodging
  1692 | D:3      | Found a faded altar of an unknown god.
  1731 | D:3      | Found a snail-covered altar of Cheibriados.
  1775 | D:3      | Reached skill level 1 in Armour
  1775 | D:3      | HP: 1/26 [scorpion (1)]
  1776 | D:3      | Succumbed to a scorpion's poison

Illustrated notes

Levels and vault maps discovered:
D:1:      dpeg_chamrin_arrival_tetris, layout_rooms, st_stairs_10
D:2:      layout_basic, kennysheep_minor_cross, uniq_robin
D:3:      layout_rooms, lemuel_round_altar,
          dreamdust_ecumenical_altar_angels_and_demons

Skill      XL: |  1  2  3  4  5 |
---------------+----------------+-----
Stealth        | 5 6 |  6.4
Short Blades   | 2 3 |  3.2
Fighting       | 2 |  2.2
Dodging        | 1 |  1.0
Armour         | 1 |  1.0
Throwing       | |  1.9

Action                     |  1- 3 |  4- 6 || total
---------------------------+-------+-------++-------
  Melee: Dagger            |    94 |    97 ||   191
         Bite              |    19 |    22 ||    41
         Punch             |     1 |     1 ||     2
  Throw: Dart              |     1 |       ||     1
    Use: Scroll            |       |     5 ||     5
   Stab: Sleeping          |     6 |     4 ||    10
         Distracted        |     1 |       ||     1
 Armour: Ring mail         |    31 |    41 ||    72
         Robe              |     1 |       ||     1
  Dodge: Dodged            |    31 |    54 ||    85

Table legend: (Time is in decaauts)
 A = Elapsed time spent in this place.
 B = Non-inter-level travel time spent in this place.
 C = Inter-level travel time spent in this place.
 D = Time resting spent in this place.
 E = Time spent auto-exploring this place.
 F = Levels seen in this place.
 G = Mean time per level.
                   A        B        C        D        E       F      G
               +--------+--------+--------+--------+--------+-----+--------+
         Total |   1750 |   1677 |     73 |     29 |   1057 |   3 |  583.3 |
       Dungeon |   1750 |   1677 |     73 |     29 |   1057 |   3 |  583.3 |
               +--------+--------+--------+--------+--------+-----+--------+

Top non-repeatable levels by time:
     D:2: 828 daAuts
     D:1: 772 daAuts
     D:3: 149 daAuts
